 Dungeon Crawl Stone Soup version 0.28.0 (webtiles) character file.

Game seed: 1372213903678035193

7 RascalDebosk the Grave Robber (level 1, 0/13 HPs)
             Began as a Demonspawn Necromancer on Feb 13, 2022.
             Slain by a hobgoblin (3 damage)
             ... on level 1 of the Dungeon.
             The game lasted 00:05:11 (376 turns).

RascalDebosk the Grave Robber (DsNe)                 Turns: 376, Time: 00:05:12

Health: 0/13       AC:  2    Str:  8    XL:     1   Next: 91%
Magic:  3/3        EV: 16    Int: 16    God:
Gold:   0          SH:  0    Dex: 13    Spells: 2/4 levels left

rFire   . . .      SeeInvis .   e - +0 hand axe
rCold   . . .      Faith    .   (no shield)
rNeg    . . .      Spirit   .   a - +0 robe
rPois   .          Reflect  .   (no helmet)
rElec   .          Harm     .   (no cloak)
rCorr   .          Rampage  .   (no gloves)
Will    .....                   (no boots)
Stlth   ++........              (no amulet)
HPRegen 0.04/turn               f - +4 ring of evasion
MPRegen 0.08/turn               (no ring)

@: no status effects
A: no striking features
a: no special abilities


You were on level 1 of the Dungeon.
You visited 1 branch of the dungeon, and saw 1 of its levels.

Inventory:

Hand Weapons
 e - a +0 hand axe (weapon)
Armour
 a - a +0 robe (worn)
Jewellery
 f - a +4 ring of evasion (left hand)
Scrolls
 b - a scroll of fear {unknown}
 c - a scroll of amnesia {unknown}
 d - a scroll of summoning {unknown}
Potions
 g - a potion of curing {unknown}


   Skills:
 + Level 0.2 Fighting
 + Level 0.2 Armour
 + Level 1.8 Dodging
 + Level 1.9 Stealth
 * Level 2.1 Spellcasting
 * Level 4.5 Necromancy


You had 2 spell levels left.
You knew the following spells:

 Your Spells              Type           Power      Damage    Failure   Level
a - Pain                  Necr           64%        1d7       3%          1
b - Animate Skeleton      Necr           32%        N/A       3%          1

Your spell library contained the following spells:

 Spells                   Type           Power      Damage    Failure   Level
 Vampiric Draining        Necr           16%        2d7       10%         3
 Animate Dead             Necr           8%         N/A       32%         4
 Agony                    Necr           16%        N/A       65%         5


Dungeon Overview and Level Annotations

Branches:
Dungeon (1/15)

Altars:


Message History

You attempt to give life to the dead...
Before your eyes, flesh is ripped from the corpse!
The dead are walking!
You open the door.
An endoplasm and a ball python come into view.
Found a leather armour.
There is an open door here.
The ball python hisses angrily.
Found a stone staircase leading down.
You barely miss the ball python. You hit the endoplasm.
The ball python bites you. The ball python grabs you.
The ball python constricts you.
Your jackal skeleton bites the ball python.
Your jackal skeleton bites the endoplasm.
The endoplasm freezes your jackal skeleton.
Your jackal skeleton is frozen.
Your jackal skeleton completely resists.
The ball python bites your jackal skeleton.
The ball python constricts you.
Your jackal skeleton bites the ball python.
The ball python dies!
Your jackal skeleton bites the endoplasm but does no damage.
You hit the endoplasm.
You kill the endoplasm!
Found 18 stones.
Found a golden potion.
g - a golden potion You swap places.
Your jackal skeleton crumbles into dust!
You open the door.
There is an open door here.
A hobgoblin comes into view.
The hobgoblin shouts!
Your jackal skeleton crumbles into dust!
The hobgoblin closely misses you.
You barely miss the hobgoblin. The hobgoblin hits you.
You closely miss the hobgoblin. The hobgoblin hits you. x2
* * * LOW HITPOINT WARNING * * *
You barely miss the hobgoblin. The hobgoblin hits you.
You die...

................#
................#
..........#'#####
..........#.#
##........+.#########
##........#.........#
....#'##..#.......#.#
....................#
..........#..###@####
..........#..# #g...#
..........#### #..#.#
##........# #..# #
#........# ####
#........#
#....###...# #.....#
####
####..###########


You could see a hobgoblin.

Vanquished Creatures
  2 bats (D:1)
  An endoplasm (D:1)
  2 jackals (D:1)
  A rat (D:1)
6 creatures vanquished.

Vanquished Creatures (collateral kills)
  A ball python (D:1)
1 creature vanquished.

Grand Total: 7 creatures vanquished

Notes
Turn   | Place    | Note
-------+----------+-------------------------------------------
     0 | D:1      | RascalDebosk the Demonspawn Necromancer began the quest for
                  | the Orb.
     0 | D:1      | Reached XP level 1. HP: 13/13 MP: 3/3
     2 | D:1      | Learned a level 1 spell: Animate Skeleton
   376 | D:1      | Slain by a hobgoblin

Illustrated notes

Levels and vault maps discovered:
D:1:      dpeg_arrival_renting, layout_basic, dk_noncrumbling_4,
          chequers_serial_rivers_micro_d

Action                   || total
-------------------------++-------
Melee: Hand axe          ||     5
       Unarmed           ||     1
 Cast: Pain              ||    10
       Animate Skeleton  ||     3
Armor: Robe              ||     5
Dodge: Dodged            ||    23
